 Dungeon Crawl Stone Soup version 0.27.1-34-g3ba077fa99 (webtiles) character file.

Game seed: 18293614482745176160

323 pkoi the Ruffian (level 6, -8/46 HPs)
             Began as a Draconian Monk on Jan 13, 2022.
             Was a Believer of Hepliaklqana.
             Mangled by an orc warrior (13 damage)
             ... on level 4 of the Dungeon.
             The game lasted 00:04:50 (4128 turns).

pkoi the Ruffian (Draconian Monk)                   Turns: 4128, Time: 00:04:50

Health: -8/46      AC:  8    Str: 14    XL:     6   Next: 23%
Magic:  4/6        EV: 12    Int: 12    God:    Hepliaklqana [**....]
Gold:   55         SH:  0    Dex: 13    Spells: 5/5 levels left

rFire    . . .     SeeInvis +     - Unarmed
rCold    . . .     Faith    .   (no shield)
rNeg     . . .     Spirit   .   (armour unavailable)
rPois    .         Reflect  .   (helmet restricted)
rElec    .         Harm     .   (no cloak)
rCorr    +         Rampage  .   f - +1 pair of gloves
Will     .....                  (no boots)
Stlth    ++........             (no amulet)
HPRegen  0.15/turn              i - ring of resist corrosion
MPRegen  0.10/turn              c - ring of see invisible

@: no status effects
A: reduced essence, AC +6, unfitting armour, cold-blooded
a: Renounce Religion, Recall Ancestor, Ancestor Identity


You were on level 4 of the Dungeon.
You worshipped Hepliaklqana.
Hepliaklqana was pleased with you.
You visited 2 branches of the dungeon, and saw 5 of its levels.

You collected 55 gold pieces.

Inventory:

Hand Weapons
 g - a +0 dagger of electrocution
 l - a +4 dagger of freezing
 n - a +2 antimagic whip
Missiles
 m - 13 poisoned darts (quivered)
 o - 3 boomerangs
Armour
 f - a +1 pair of gloves (worn)
Jewellery
 c - a ring of see invisible (right hand)
 i - a ring of resist corrosion (left hand)
Wands
 d - a wand of polymorph (8)
Scrolls
 a - a scroll of identify
 k - 2 scrolls of teleportation
 q - 2 scrolls of enchant weapon {unknown}
Potions
 b - a potion of might
 e - 2 potions of curing
 h - a potion of berserk rage
 j - 2 potions of degeneration {unknown}
 p - a potion of cancellation {unknown}


   Skills:
 - Level 4.0 Fighting
 - Level 3.0 Dodging
 - Level 1.7 Stealth
 + Level 6.6 Unarmed Combat


You had 5 spell levels left.
You didn't know any spells.
Your spell library was empty.

Dungeon Overview and Level Annotations

Branches:
Dungeon (4/15)             Temple (1/1) D:4

Altars:
Ashenzari
Cheibriados
Dithmenos
Elyvilon
Fedhas
Gozag
Hepliaklqana
Kikubaaqudgha
Makhleb
Nemelex Xobeh
Okawaru
Qazlal
Ru
Trog
Wu Jian
Xom
Yredelemnul
Zin
The Shining One


Innate Abilities, Weirdness & Mutations

Your life essence is reduced to manifest your ancestor. (-10% HP)
Your plain brown scales are hard. (AC +6)
You cannot fit into any form of body armour.
You are cold-blooded and may be slowed by cold attacks.


Message History

You kneel at the altar of Hepliaklqana.
Hepliaklqana welcomes you!
Hepliaklqana forms a fragment of your life essence into the memory of your ancestor, Amyrtaeus!
You can now recall your ancestor.
You can now remember your ancestor's identity.
You may now remember your ancestor's life.
Unknown command.
Press < or > to pray at altars.
Are you sure you want to remember your ancestor as a knight?
It is so.
Remember Amyrtaeus's name as what?
Amy Yes, Amy is definitely a better name.
Was Amy a) male, b) female, or c) neither? (Currently male.) Amy was always female, you're pretty sure.
There is a staircase back to the Dungeon here.
You climb upwards.
Welcome back to the Dungeon!
The orc warrior hits you with a +0 battleaxe!
There is a staircase to the Ecumenical Temple here.
The orc warrior barely misses you.
You barely miss the orc warrior.
The orc warrior hits you with a +0 battleaxe!
The orc warrior closely misses Amy.
You hit the orc warrior but do no damage.
Your tail-slap misses the orc warrior.
Amy barely misses the orc warrior.
The orc warrior hits you with a +0 battleaxe.
The orc warrior closely misses Amy.
You hit the orc warrior but do no damage.
Amy completely misses the orc warrior.
The orc warrior closely misses you.
The orc warrior closely misses Amy.
You closely miss the orc warrior.
Amy hits the orc warrior but does no damage.
The orc warrior misses you.
The orc warrior closely misses Amy.
You closely miss the orc warrior.
Amy closely misses the orc warrior.
The orc warrior hits you with a +0 battleaxe!!
* * * LOW HITPOINT WARNING * * *
The orc warrior completely misses Amy.
You hit the orc warrior but do no damage.
Amy hits the orc warrior with a +0 flail!
The orc warrior hits you with a +0 battleaxe!
You die...

#........ #........
#........ #......#
#......# ### ###
#......# # ###+###
#......# ..####⌠o⌠####.#
#^.....###....+R@.+...g#
...........# ##⌠.⌠##
...........# ###'###
...........# ###.###
...........# #.#
...........# #.#
#..........#####.#
#........).......#
#####'#.....o...##


You could see the friendly Amy the knight and an orc warrior (ally target).

Vanquished Creatures
  An ogre (D:4)
  A bullfrog (D:4)
  A bullfrog skeleton (D:3)
  Terence (D:2)
  An iguana (D:4)
  3 gnolls
  An adder (D:2)
  A worm (D:2)
  3 orcs (D:3)
  2 ball pythons (D:3)
  6 bats
  6 endoplasms
  A giant cockroach (D:1)
  6 goblins
  7 hobgoblins
  2 jackals (D:3)
  3 quokkas (D:1)
  3 frilled lizards
  5 kobolds
  6 rats
60 creatures vanquished.

Notes
Turn   | Place    | Note
-------+----------+-------------------------------------------
     0 | D:1      | pkoi the Draconian Monk began the quest for the Orb.
     0 | D:1      | Reached XP level 1. HP: 19/19 MP: 1/1
   239 | D:1      | Reached XP level 2. HP: 23/26 MP: 2/2
  1091 | D:1      | Reached XP level 3. HP: 9/33 MP: 3/3
  1576 | D:2      | Reached skill level 4 in Unarmed Combat
  1959 | D:2      | Reached XP level 4. HP: 30/40 MP: 4/4
  2437 | D:2      | Noticed Terence
  2446 | D:2      | Killed Terence
  2855 | D:3      | Reached skill level 5 in Unarmed Combat
  2948 | D:3      | Found a faded altar of an unknown god.
  2956 | D:3      | Reached XP level 5. HP: 42/46 MP: 5/5
  3103 | D:3      | Found a stormy altar of Qazlal.
  3248 | D:4      | Noticed an orc warrior
  3692 | D:4      | Noticed an ogre
  3700 | D:4      | Killed an ogre
  3701 | D:4      | Reached skill level 6 in Unarmed Combat
  3701 | D:4      | Reached XP level 6. HP: 27/52 MP: 6/6
  4023 | D:4      | Found a staircase to the Ecumenical Temple.
  4029 | Temple   | Entered the Ecumenical Temple
  4107 | Temple   | Became a worshipper of Hepliaklqana the Forgotten
  4107 | Temple   | Reached * piety under Hepliaklqana
  4107 | Temple   | Reached ** piety under Hepliaklqana
  4108 | Temple   | Remembered your ancestor Amy as a knight
  4128 | D:4      | Mangled by an orc warrior

Illustrated notes

Levels and vault maps discovered:
D:1:      eino_arrival_water_star, layout_rooms
D:2:      layout_basic, uniq_terence
D:3:      layout_rooms, nicolae_qazlal_scattered_showers,
          shapermc_ecumenical_altar_mp_highgroup, roderic_serpentine_path
D:4:      layout_gridville, temple_doors_e, uniq_eustachio
Temple:   compressed_dpeg_circular_temple

Skill      XL: |  1  2  3  4  5 |
---------------+----------------+-----
Dodging        | 3 |  3.0
Fighting       | 4 |  4.0
Unarmed Combat | 4 5 6 |  6.6
Stealth        | |  1.7

Action                   |  1- 3 |  4- 6 || total
-------------------------+-------+-------++-------
Melee: Unarmed           |   118 |   128 ||   246
       Tailslap          |    14 |    13 ||    27
       Punch             |     4 |     3 ||     7
       Dagger            |       |     3 ||     3
Invok: Recall Ancestor   |       |     1 ||     1
       Ancestor Life: Kn |       |     1 ||     1
       Ancestor Identity |       |     1 ||     1
  Use: Scroll            |     2 |     8 ||    10
 Stab: Sleeping          |     4 |     3 ||     7
       Distracted        |     1 |       ||     1
Armor: Skin              |    31 |    58 ||    89
Dodge: Dodged            |    53 |    92 ||   145
